 Dungeon Crawl Stone Soup version 0.31-a0-536-ga3e2962e35 (webtiles) character file.

Game seed: 11888455824662628604

69 Conn the Magician (level 4, 0/27 HPs)
             Began as an Octopode Hedge Wizard on Aug 13, 2023.
             Killed from afar by Natasha (12 damage)
             ... with a puff of flame
             ... on level 2 of the Dungeon.
             The game lasted 00:04:59 (2095 turns).

Conn the Magician (Octopode Hedge Wizard)           Turns: 2095, Time: 00:05:04

Health: 0/27       AC:  1    Str:  9    XL:     4   Next: 20%
Magic:  4/9        EV: 13    Int: 18    God:
Gold:   106        SH:  0    Dex: 11    Spells: 2/10 levels left

rFire   . . .        f - +0 dagger (venom)
rCold   . . .        (no shield)
rNeg    . . .        b - +0 hat
rPois   .            j - amulet of the acrobat
rElec   .            (no ring)
rCorr   .            (no ring)
SInv    .            (no ring)
Will    .....        (no ring)
Stlth   +++          (no ring)
HPRegen 0.24/turn    (no ring)
MPRegen 0.11/turn    (no ring)
                     (no ring)

%: acrobat
@: slowed, very slow
A: almost no armour, amphibious, 8 rings, camouflage 1, gelatinous body 1,
(nimble swimmer 1), tentacles
a: no special abilities


You were on level 2 of the Dungeon.
You visited 1 branch of the dungeon, and saw 2 of its levels.

You collected 106 gold pieces.

Inventory:

Hand Weapons
 a - a +0 dagger
 f - a +0 dagger of venom (weapon)
Armour
 b - a +0 hat (worn)
Jewellery
 d - an amulet of guardian spirit
 j - an amulet of the acrobat (around mantle)
Scrolls
 h - a scroll of fog {unknown}
 i - a scroll of vulnerability {unknown}
 k - a scroll of amnesia {unknown}
 l - a scroll of butterflies {unknown}
 m - a scroll of poison {unknown}
 o - a scroll of noise {unknown}
 p - a scroll of teleportation {unknown}
Potions
 c - a potion of magic
 e - a potion of cancellation {unknown}
 g - 2 potions of attraction {unknown}
 n - a potion of enlightenment {unknown}
 q - a potion of degeneration {unknown}


   Skills:
 + Level 0.9 Fighting
 + Level 2.4 Dodging
 + Level 3.3 Stealth
 + Level 3.7 Spellcasting
 * Level 1.7 Conjurations
 * Level 1.1 Summonings
 * Level 1.1 Translocations
 * Level 0.2 Air Magic


You had 2 spell levels left.
You knew the following spells:

 Your Spells              Type           Power      Damage    Failure   Level
a - Magic Dart            Conj           36%        1d4       8%          1
b - Blink                 Tloc           14%        N/A       14%         2
c - Call Imp              Summ           14%        N/A       14%         2
d - Mephitic Cloud        Conj/Pois/Air  5%         N/A       34%         3

Your spell library contained the following spells:

 Spells                   Type           Power      Damage    Failure   Level
 Slow                     Hex            12%        N/A       16%         1
 Cigotuvi's Dreadful Rot  Necr/Pois/Air  6%         N/A       22%         2
 Vhi's Electric Charge    Tloc/Air       10%        N/A       34%         3
 Arcjolt                  Conj/Air       3%         1d13      96%         5
 Plasma Beam              Fire/Air       1%         2x1d11    100%        6


Dungeon Overview and Level Annotations

Branches:
Dungeon (2/15)

Altars:
Elyvilon

Shops:
D:1 :

Annotations:
D:2 Natasha


Innate Abilities, Weirdness & Mutations

You cannot wear most types of armour.
You are amphibious.
You can wear up to eight rings at the same time.
Your skin changes colour to match your surroundings (Stealth+).
Your rubbery body absorbs attacks. (AC +1, EV +1)
((You are camouflaged when in or above water. (Stealth+)))
You have tentacles for arms and can constrict up to eight enemies at once.


Message History

The puff of flame hits your cerulean imp!
Your cerulean imp closely misses Natasha.
Natasha stares at you and mumbles some strange words.
Your cerulean imp easily resists.
Your cerulean imp closely misses Natasha.
Natasha zaps a wand.
The puff of flame hits your cerulean imp!
Your cerulean imp dies!
Your cerulean imp disappears in a puff of smoke!
Casting: Call Imp (safe; 14% risk of failure)
Confirm with . or Enter, or press ? or * to list all spells.
A tiny devil pulls itself out of the air.
Natasha casts a spell at you.
You feel as though you will be slow longer.
Natasha zaps a wand.
The puff of flame misses you.
The puff of flame hits your cerulean imp!
You swap places.
Natasha casts a spell.
Your cerulean imp closely misses Natasha.
Your cerulean imp hits Natasha but does no damage.
Natasha completely misses your cerulean imp.
Your cerulean imp barely misses Natasha.
Natasha claws your cerulean imp!
Your cerulean imp dies!
Your cerulean imp disappears in a puff of smoke!
Casting: Call Imp (safe; 14% risk of failure)
Confirm with . or Enter, or press ? or * to list all spells.
A tiny devil pulls itself out of the air.
You hit Natasha but do no damage.
Natasha is poisoned.
You grab Natasha. You constrict Natasha.
Natasha zaps a wand.
The puff of flame hits you. The cerulean imp barely misses you.
Natasha mumbles some strange words.
Unknown command.
You barely miss Natasha. You squeeze Natasha.
Natasha is moderately wounded.
You constrict Natasha, but do no damage.
The cerulean imp hits you from afar with a +1 spear.
Your cerulean imp hits Natasha from afar with a -4 spear.
Natasha zaps a wand.
The puff of flame hits you!
You die...

##..# ##....[..## ### ####.#
##.....### ..# #....#
##......# #h# #.####
##..##.# #.# #.# #..##.# #.#
###.#### ####..##.# #h#
.......# #......#.# #.#
###.##.# #.#....#.# #.#
#.##.# #...5@5#.# #.#
#.##.#####.#...h#.########.#
#..........##...5.§h5......#
####.########.##############
######.# #.# .......# #.#
###############.#
#......##.# #.####.##.#


You could see Natasha (distracted, poisoned, ally target), 2 cerulean imps and a
friendly cerulean imp (summoned).

Vanquished Creatures
  Natasha (D:2)
  A worm (D:2)
  A dart slug (D:2)
  3 ball pythons (D:2)
  5 endoplasms
  3 goblins
  9 hobgoblins
  4 kobolds
  3 quokkas (D:2)
  2 bats
  2 frilled lizards
  2 rats (D:2)
36 creatures vanquished.

Notes
Turn   | Place    | Note
-------+----------+-------------------------------------------
     0 | D:1      | Conn the Octopode Hedge Wizard began the quest for the Orb.
     0 | D:1      | Reached XP level 1. HP: 11/11 MP: 4/4
    76 | D:1      | Found Cuenosai's Vocational Training.
   205 | D:1      | Reached XP level 2. HP: 18/18 MP: 0/6
  1096 | D:2      | Reached XP level 3. HP: 20/22 MP: 1/7
  1163 | D:2      | Found a white marble altar of Elyvilon.
  1982 | D:2      | Noticed Natasha
  1990 | D:2      | Learned a level 2 spell: Blink
  1993 | D:2      | Learned a level 2 spell: Call Imp
  1997 | D:2      | Learned a level 3 spell: Mephitic Cloud
  2004 | D:2      | Killed Natasha
  2005 | D:2      | Reached XP level 4. HP: 27/27 MP: 9/9
  2072 | D:2      | Noticed Natasha
  2095 | D:2      | Killed from afar by Natasha

Illustrated notes

Levels and vault maps discovered:
D:1:      scummos_arrival_forest, layout_basic, chequers_avenue,
          nicolae_shop_vocational
D:2:      layout_loops_corners, basic_altar, minmay_close_crescents,
          uniq_natasha

Skill      XL: |  1  2 |
---------------+-------+-----
Stealth        | 3 |  3.3
Fighting       | |  0.9
Dodging        | |  2.4
Spellcasting   | |  3.7
Conjurations   | |  1.7
Summonings     | |  1.1
Translocations | |  1.1
Air Magic      | |  0.2

Action                     |  1- 3 |  4- 6 || total
---------------------------+-------+-------++-------
  Melee: Dagger            |    37 |     2 ||    39
         Constrict         |    12 |     1 ||    13
         Tentacles         |     5 |     1 ||     6
   Cast: Magic Dart        |    59 |       ||    59
         Call Imp          |       |     4 ||     4
   Stab: Sleeping          |     4 |       ||     4
 Armour: Skin              |     3 |       ||     3
  Dodge: Dodged            |    32 |     2 ||    34

Table legend: (Time is in decaauts)
 A = Elapsed time spent in this place.
 B = Non-inter-level travel time spent in this place.
 C = Inter-level travel time spent in this place.
 D = Time resting spent in this place.
 E = Time spent auto-exploring this place.
 F = Levels seen in this place.
 G = Mean time per level.
                   A        B        C        D        E       F      G
               +--------+--------+--------+--------+--------+-----+--------+
         Total |   2106 |   2106 |      0 |      0 |   1527 |   2 | 1053.0 |
       Dungeon |   2106 |   2106 |      0 |      0 |   1527 |   2 | 1053.0 |
               +--------+--------+--------+--------+--------+-----+--------+

Top non-repeatable levels by time:
     D:2: 1058 daAuts
     D:1: 1048 daAuts
